 Dungeon Crawl Stone Soup version 0.19-a0-2013-g488b080 (webtiles) character file.

84274 Faca the Fencer (level 15, -10/141 HPs)
             Began as a Minotaur Berserker on Jan 20, 2017.
             Was the Champion of Trog.
             Killed from afar by a thorn hunter (27 damage)
             ... with a volley of thorns
             ... on level 1 of the Swamp.
             The game lasted 01:11:02 (18809 turns).

Faca the Fencer (Minotaur Berserker)               Turns: 18809, Time: 01:11:03

Health: -10/141    AC: 27    Str: 32    XL:     15   Next: 34%
Magic:  14/14      EV: 15    Int:  6    God:    Trog [******]
Gold:   2262       SH:  0    Dex: 15    Spells: 14/14 levels left

rFire  + . .     SeeInvis +     E - +10 great sword of Slow Death {venom, rF+ Str+4}
rCold  . . .     Faith    +     N - +1 plate armour {rPois}
rNeg   . . .     Spirit   .     (shield currently unavailable)
rPois  +         Reflect  .     (helmet restricted)
rElec  .                        v - +0 cloak
rCorr  .                        C - +0 pair of gloves
MR     +....                    d - +0 pair of boots
Stlth  ..........               w - amulet of faith
                                M - +5 ring of protection
                                s - +5 ring of strength

@: no status effects
A: retaliatory headbutt, horns 2, see invisible, clever 1
a: Berserk, Trog's Hand, Brothers in Arms, Burn Spellbooks, Renounce Religion


You were on level 1 of the Swamp.
You worshipped Trog.
Trog was exalted by your worship.
You were not hungry.

You visited 3 branches of the dungeon, and saw 18 of its levels.
You also visited: Ice Cave.

You collected 2352 gold pieces.
You spent 90 gold pieces at shops.

Inventory:

Hand Weapons
 E - the +10 great sword of Slow Death (weapon) {venom, rF+ Str+4}
   (Trog gifted it to you on level 11 of the Dungeon)

   It poisons the flesh of those it strikes.
   It affects your strength (+4).
   It protects you from fire.
 G - a +5 shortbow of velocity
Missiles
 j - 2901 arrows
Armour
 d - a +0 pair of boots (worn)
 v - a +0 cloak (worn)
 C - a +0 pair of gloves (worn)
 N - a +1 plate armour of poison resistance (worn)
Jewellery
 r - an uncursed ring of flight
 s - a +5 ring of strength (left hand)
 w - an amulet of faith (around neck)
 z - an uncursed ring of resist corrosion
 M - a +5 ring of protection (right hand)
Wands
 m - a wand of lightning (10/15)
 y - a wand of disintegration (10/18)
 F - a wand of paralysis (3/18)
 I - a wand of disintegration (10/18)
 K - a wand of polymorph (7/18)
Scrolls
 b - 3 scrolls of enchant armour
 e - 2 scrolls of fog
 g - 3 scrolls of teleportation
 l - 3 scrolls of fear
 n - 3 scrolls of blinking
 u - 2 scrolls of enchant weapon
 x - 2 scrolls of recharging
 H - a scroll of magic mapping
 J - a scroll of silence
Potions
 a - 2 potions of brilliance
 c - 2 potions of might
 f - 4 potions of resistance
 h - a potion of berserk rage
 i - a potion of invisibility
 k - a potion of cure mutation
 o - 2 potions of ambrosia
 p - a potion of heal wounds
 q - 7 potions of curing
 t - a potion of magic
 B - a potion of lignification
 L - a potion of haste


   Skills:
 + Level 15.4 Fighting
 + Level 19.2 Long Blades
 * Level 8.4 Bows
 + Level 13.8 Armour
 * Level 11.4 Dodging
 + Level 2.2 Stealth


You had 14 spell levels left.
You didn't know any spells.

Dungeon Overview and Level Annotations

Branches:
Dungeon (15/15)            Temple (0/1) D:4           Swamp (1/3) D:13
    Orc (2/2) D:10         Vaults (0/3) D:15         Depths (0/3) D:15
   Lair: D:-1         Snake: D:13-14     Spider: D:13-14      Crypt: Vaults:-1
   Tomb: Vaults:-1

Altars:
Gozag
Kikubaaqudgha
Makhleb
Nemelex Xobeh
Okawaru
Qazlal
Ru
Trog
Xom
Beogh

Shops:
Orc:2 *?(:

Portals:
Trove: D:14 (give +2 storm dragon scales)


Innate Abilities, Weirdness & Mutations

You reflexively headbutt those who attack you in melee.
You have a pair of horns on your head.
You have supernaturally acute eyesight. (SInv)
Your mind is acute. (Int +2)


Message History

You slash the thorn hunter (9)! Your headbutt misses the thorn hunter.
The thorn hunter is heavily damaged.
You closely miss the thorn hunter.
The thorn hunter is heavily damaged.
The briar patch crumbles away. x2; The thorn hunter hits you (8)!
* * * LOW HITPOINT WARNING * * *
The thorn hunter hits you but does no damage.
You slash the thorn hunter (14)!
The thorn hunter is severely damaged.
The thorn hunter completely misses you. You furiously retaliate!
You headbutt the thorn hunter (13)!
You riposte.
Your unstable footing causes you to fumble your attack.
The thorn hunter hits you but does no damage.
Your plate armour prevents you from hitting the thorn hunter.
You headbutt the thorn hunter (4).
The thorn hunter is almost destroyed.
The briar patch crumbles away. x2
The thorn hunter fires a volley of thorns at you.
The volley of thorns hits you!
You die...

≈≈≈.≈≈..≈≈≈..♣
≈.≈≈♣.≈≈..§≈≈≈≈♣
≈≈≈≈≈.≈≈≈.≈≈≈≈≈♣≈
≈≈.≈≈.≈..PP.≈≈≈≈§.≈
.≈.≈≈.≈≈.≈P.≈≈....≈
..§♣≈≈≈≈≈P.≈≈≈§≈≈.
♣.≈.≈≈≈≈PPfPPP≈.≈.
♣.♣.≈≈≈≈≈≈@P♣
♣♣♣.≈.≈≈≈...♣♣♣
♣.≈.§.≈≈≈.≈♣♣
..≈.§.....♣♣
..≈♣≈.<.♣♣
≈.≈≈≈≈...♣
...≈..≈.♣♣
..≈.♣.≈≈. ≈≈≈ .≈≈≈♣


You could see a thorn hunter.

Vanquished Creatures
  A frost giant (IceCv)
  2 orc warlords (Orc:2)
  A stone giant (Orc:2)
  A fire dragon (D:15)
  3 ogre magi
  2 ice dragons
  2 hydras
  14 two-headed ogres
  2 dancing weapons (D:15)
  4 centaur warriors
  A tengu warrior (D:15)
  A death yak (IceCv)
  9 orc high priests
  3 unseen horrors
  A wizard (D:15)
  A phantasmal warrior (D:12)
  5 orc knights
  A wolf spider zombie (D:15)
  22 ugly things
  A deep elf mage (D:13)
  2 manticores
  5 orc sorcerers
  7 cyclopes
  An efreet (D:14)
  A spiny frog (D:10)
  2 rime drakes
  A redback zombie (D:14)
  A rime drake (shapeshifter) (D:15)
  2 tengu conjurers
  7 trolls
  A queen bee (D:7)
  A blink frog (shapeshifter) (D:14)
  Prince Ribbit (D:7)
  20 polar bears (IceCv)
  17 blink frogs
  A meliai zombie (D:9)
  Sigmund (D:3)
  2 shadows (D:10)
  A water elemental (D:15)
  6 wyverns
  A vampire (D:14)
  Eustachio (D:5)
  4 wraiths (D:12)
  11 yaks (IceCv)
  2 angry ghosts
  A steam dragon (D:14)
  3 wargs
  7 swamp worms
  4 acid dragons
  A soldier ant (shapeshifter) (D:13)
  5 water moccasins
  8 ice beasts
  A black bear (D:11)
  57 orc warriors
  A phantom (D:8)
  A wasp (D:15)
  7 wolves (IceCv)
  2 blink frog zombies (D:11)
  26 ogres
  16 centaurs
  A gnoll sergeant (D:5)
  3 bullfrogs
  A wyvern zombie (D:14)
  A water moccasin skeleton (D:5)
  A water moccasin zombie (D:6)
  6 scorpions
  36 killer bees
  5 wights (D:10)
  3 howler monkeys
  An electric eel (D:13)
  3 centaur zombies
  A lava snake (D:15)
  5 crimson imps
  Crazy Yiuf (D:6)
  3 hounds
  2 quasits
  A wasp zombie (D:11)
  39 orc priests
  3 jellies
  19 orc wizards
  4 centaur skeletons
  A bullfrog skeleton (D:6)
  6 iguanas
  4 worker ants
  A killer bee zombie (D:6)
  A hound skeleton (D:5)
  Robin (D:4)
  8 gnolls
  8 adders
  2 shadow imps
  12 white imps (D:11)
  A dart slug (D:4)
  2 leopard geckos
  100 orcs
  7 bats
  3 giant cockroaches
  12 goblins
  9 hobgoblins
  4 kobolds
  2 quokkas
  3 ball pythons
  3 frilled lizards
  9 rats
  2 briar patches (Swamp:1)
  2 fungi
  2 plants (D:15)
660 creatures vanquished.

Vanquished Creatures (collateral kills)
  A death knight (D:12)
  Sonja (D:12)
  A phantasmal warrior (D:12)
  A killer bee (D:12)
4 creatures vanquished.

Vanquished Creatures (others)
  A yak (IceCv)
  2 wolves (IceCv)
  8 fungi
  4 plants
15 creatures vanquished.

Grand Total: 679 creatures vanquished

Notes
Turn   | Place    | Note
-------+----------+-------------------------------------------
     0 | D:1      | Faca the Minotaur Berserker began the quest for the Orb.
     0 | D:1      | Reached XP level 1. HP: 19/19 MP: 0/0
    91 | D:1      | Reached skill level 4 in Long Blades
    91 | D:1      | Reached XP level 2. HP: 17/27 MP: 1/1
   835 | D:2      | Reached XP level 3. HP: 33/33 MP: 2/2
  1118 | D:2      | Reached ** piety under Trog
  1456 | D:3      | Gained mutation: Your mind is acute. (Int +2) [potion of beneficial mutation]
  1457 | D:3      | Gained mutation: You have supernaturally acute eyesight. (SInv) [potion of beneficial mutation]
  1636 | D:3      | Noticed Sigmund
  1650 | D:3      | Killed Sigmund
  1650 | D:3      | Reached skill level 6 in Long Blades
  1650 | D:3      | Reached XP level 4. HP: 28/41 MP: 3/3
  1650 | D:3      | Reached XP level 5. HP: 32/47 MP: 4/4
  1981 | D:3      | Found a stormy altar of Qazlal.
  2040 | D:4      | Noticed Robin
  2046 | D:4      | Killed Robin
  2271 | D:4      | Reached skill level 5 in Fighting
  2271 | D:4      | Reached XP level 6. HP: 52/56 MP: 5/5
  2559 | D:4      | Found a staircase to the Ecumenical Temple.
  2820 | D:5      | Entered Level 5 of the Dungeon
  2840 | D:5      | Reached skill level 7 in Long Blades
  2840 | D:5      | Reached XP level 7. HP: 44/61 MP: 6/6
  2934 | D:5      | Reached skill level 5 in Armour
  3112 | D:5      | Noticed Eustachio
  3154 | D:5      | Killed Eustachio
  3388 | D:5      | Reached *** piety under Trog
  3487 | D:5      | Reached skill level 8 in Long Blades
  3501 | D:5      | Reached XP level 8. HP: 34/70 MP: 7/7
  3929 | D:5      | Found a sparkling altar of Nemelex Xobeh.
  3929 | D:5      | Found a stormy altar of Qazlal.
  4229 | D:6      | Reached skill level 9 in Long Blades
  4242 | D:6      | Noticed a rime drake
  4259 | D:6      | Killed a rime drake
  4663 | D:6      | Found a sacrificial altar of Ru.
  4804 | D:6      | Found a runed door.
  4808 | D:6      | Noticed Crazy Yiuf
  4813 | D:6      | Killed Crazy Yiuf
  4842 | D:6      | Reached skill level 5 in Dodging
  4908 | D:7      | Noticed Prince Ribbit
  4924 | D:7      | Killed Prince Ribbit
  4924 | D:7      | Reached XP level 9. HP: 74/79 MP: 8/8
  4952 | D:7      | Reached skill level 10 in Long Blades
  5057 | D:7      | Found an iron altar of Okawaru.
  5636 | D:8      | Noticed a queen bee
  5859 | D:8      | Reached **** piety under Trog
  5872 | D:7      | Killed a queen bee
  6015 | D:8      | Reached skill level 11 in Long Blades
  6243 | D:8      | Reached XP level 10. HP: 87/91 MP: 9/9
  6468 | D:8      | Found a sacrificial altar of Ru.
  6899 | D:9      | Noticed a centaur warrior
  6910 | D:9      | Killed a centaur warrior
  6910 | D:9      | Reached skill level 12 in Long Blades
  7107 | D:9      | Found a bloodstained altar of Trog.
  7367 | D:9      | Found an opulent altar of Gozag.
  7444 | D:9      | Found a burning altar of Makhleb.
  7445 | D:9      | Found a shimmering altar of Xom.
  7537 | D:9      | Reached skill level 10 in Armour
  7727 | D:9      | Reached skill level 1 in Stealth
  7747 | D:9      | Found an ancient bone altar of Kikubaaqudgha.
  7840 | D:10     | Entered Level 10 of the Dungeon
  7865 | D:10     | Reached skill level 10 in Fighting
  8113 | D:10     | Found a staircase to the Orcish Mines.
  8157 | D:9      | Reached ***** piety under Trog
  8302 | D:10     | Reached skill level 13 in Long Blades
  8408 | D:10     | Noticed an orc high priest
  8411 | D:10     | Noticed a smoke demon
  8421 | D:10     | Killed an orc high priest
  8421 | D:10     | Reached XP level 11. HP: 33/100 MP: 10/10
  9007 | D:10     | Noticed an unseen horror
  9017 | D:10     | Killed an unseen horror
  9563 | D:11     | Received a gift from Trog
  9565 | D:11     | Found a frozen archway.
  9569 | D:11     | Got the +10 great sword of Slow Death {venom, rF+ Str+4}
  9584 | IceCv    | Entered an ice cave
  9604 | IceCv    | Reached skill level 14 in Long Blades
  9992 | IceCv    | Noticed a death yak
  9995 | IceCv    | Killed a death yak
 10361 | IceCv    | Reached XP level 12. HP: 107/111 MP: 11/11
 10364 | IceCv    | Reached skill level 15 in Long Blades
 10435 | IceCv    | Noticed a frost giant
 10461 | IceCv    | Killed a frost giant
 11094 | D:12     | Noticed a two-headed ogre
 11099 | D:12     | Killed a two-headed ogre
 11099 | D:12     | Reached skill level 16 in Long Blades
 11165 | D:12     | Noticed a two-headed ogre
 11170 | D:12     | Killed a two-headed ogre
 11237 | D:12     | Noticed Sonja
 11243 | D:12     | Reached skill level 1 in Bows
 11245 | D:12     | Noticed a nine-headed hydra
 11253 | D:12     | Killed a nine-headed hydra
 11262 | D:12     | Killed Sonja
 11532 | D:12     | Noticed a death knight
 11556 | D:12     | Killed a death knight
 11822 | D:12     | Reached XP level 13. HP: 104/119 MP: 12/12
 12225 | D:12     | Received a gift from Trog
 12819 | D:13     | Found a staircase to the Swamp.
 12972 | D:13     | Reached skill level 17 in Long Blades
 13239 | D:14     | Found a portal to a secret trove of treasure.
 13579 | D:14     | Reached skill level 5 in Bows
 13770 | D:14     | Reached skill level 10 in Dodging
 13983 | D:14     | Received a gift from Trog
 13983 | D:14     | Reached XP level 14. HP: 123/130 MP: 13/13
 14025 | D:14     | Reached skill level 18 in Long Blades
 15087 | Orc:1    | Entered Level 1 of the Orcish Mines
 15260 | Orc:1    | Received a gift from Trog
 15402 | Orc:2    | Entered Level 2 of the Orcish Mines
 15665 | Orc:2    | Found a roughly hewn altar of Beogh.
 15755 | Orc:2    | Found Kuam's Magic Scroll Emporium.
 15780 | Orc:2    | Bought a scroll of enchant armour for 90 gold pieces
 15787 | Orc:2    | Found Bur Men's General Store.
 15798 | Orc:2    | Received a gift from Trog
 16130 | Orc:2    | Noticed an orc warlord
 16142 | Orc:2    | Killed an orc warlord
 16341 | Orc:2    | Noticed a stone giant
 16347 | Orc:2    | Killed a stone giant
 16713 | Orc:2    | Found Fouff's Antique Weapon Boutique.
 16721 | Orc:2    | Reached skill level 15 in Fighting
 16868 | Orc:2    | Found Huowioff's Book Emporium.
 16887 | Orc:2    | Noticed an orc warlord
 16909 | Orc:2    | Killed an orc warlord
 16909 | Orc:2    | Reached XP level 15. HP: 119/141 MP: 14/14
 16910 | Orc:2    | Reached ****** piety under Trog
 16938 | Orc:2    | Received a gift from Trog
 16956 | Orc:2    | Found a roughly hewn altar of Beogh.
 17459 | Orc:2    | Reached skill level 19 in Long Blades
 17891 | D:15     | Entered Level 15 of the Dungeon
 18087 | D:15     | Found a gate to the Vaults.
 18235 | D:15     | Found a staircase to the Depths.
 18793 | Swamp:1  | Entered Level 1 of the Swamp
 18794 | Swamp:1  | Noticed a thorn hunter
 18809 | Swamp:1  | Killed from afar by a thorn hunter

Vault maps used:
D:1:      lightli_arrival_statue_moat, minmay_strange_pillars
D:3:      first_bread, nicolae_qazlal_eye_of_the_storm, uniq_sigmund
D:4:      nicolae_overflow_hidden_temple, uniq_robin
D:5:      gammafunk_temple_overflow_elements, uniq_eustachio
D:6:      nicolae_ru_great_annihilating_truth, uniq_crazy_yiuf_cottage
D:7:      okawaru_trees_1, uniq_prince_ribbit1
D:8:      nicolae_overflow_crystal_walls, david_nohive_1, minivault_19
D:9:      grunt_temple_overflow_champion_of_chaos, nicolae_gozag_seed_capital,
          kennysheep_mini_moat, trog_butcher_becter
D:10:     orc_0_dummy, minivault_22, nooodl_food_tri
D:11:     portal_ice_cave_entry_imps
D:12:     uniq_sonja
D:13:     nicolae_swamp_entry_splash_gauntlet
D:14:     hangedman_decor_slide_cut, serial_glass, glass_columns_a,
          glass_columns_a, enter_trove_3
D:15:     grunt_enter_depths_hoard, erik_vaults_1, nicolae_lava_and_water
Swamp:1:  hangedman_swamp_diagram, swamp_pool4, uniq_roxanne
Orc:2:    pubby_orc_utopia
IceCv:    ice_cave_caverns_03

Skill      XL: |  1  2  3  4  5  6  7  8  9 10 11 12 13 14 15 |
---------------+----------------------------------------------+-----
Long Blades    | 4 6 7 8 9 11 13 14 16 17 18 19 | 19.2
Fighting       | 4 5 6 7 9 10 11 12 13 15 | 15.4
Armour         | 3 4 6 7 9 10 11 12 13 | 13.8
Dodging        | 3 4 5 6 7 8 10 11 | 11.4
Stealth        | 1 2 |  2.2
Bows           | 2 5 7 8 |  8.4

Action                   |  1- 3 |  4- 6 |  7- 9 | 10-12 | 13-15 || total
-------------------------+-------+-------+-------+-------+-------++-------
Melee: Falchion          |    72 |   100 |   337 |    95 |       ||   604
       Headbutt          |     7 |    22 |    80 |   156 |   226 ||   491
       Long sword        |       |       |       |   269 |       ||   269
       Great sword       |       |       |       |   210 |   816 ||  1026
Invok: Burn Spellbooks   |       |       |     1 |     2 |     1 ||     4
       Brothers in Arms  |       |       |       |     3 |       ||     3
  Use: Potion            |     2 |       |       |     2 |       ||     4
       Scroll            |       |       |       |     1 |       ||     1
Armor: Scale mail        |    19 |    40 |    61 |    13 |       ||   133
       Animal skin       |     4 |       |       |       |       ||     4
       Leather armour    |     1 |       |       |       |       ||     1
       Chain mail        |       |       |    58 |    43 |   108 ||   209
       Plate armour      |       |       |       |   174 |   107 ||   281
Dodge: Dodged            |    31 |    46 |   183 |   300 |   350 ||   910
